 Dungeon Crawl Stone Soup version 0.24.0-125-gc4c63601f3 (webtiles) character file.

Game seed: 6889964663822645392, levelgen mode: deterministic

214 Descartes the Covered (level 6, 0/48 HPs)
             Began as a Formicid Abyssal Knight on Feb 16, 2020.
             Was a Believer of Lugonu.
             Slain by an adder (3 damage)
             ... on level 4 of the Dungeon on Feb 17, 2020.
             The game lasted 00:07:49 (3587 turns).

Descartes the Covered (Formicid Abyssal Knight)     Turns: 3587, Time: 00:07:50

Health: 0/48       AC:  7    Str: 16    XL:     6   Next: 14%
Magic:  8/8        EV: 15    Int: 14    God:    Lugonu [**....]
Gold:   154        SH:  0    Dex: 15    Spells: 5/5 levels left

rFire    . . .     SeeInvis +   d - +0 broad axe
rCold    . . .     Gourm    .   (no shield)
rNeg     . . .     Faith    .   o - +0 scale mail
rPois    .         Spirit   .   (helmet unavailable)
rElec    .         Reflect  .   q - scarf {cloud immunity}
rCorr    .         Harm     .   (no gloves)
MR       .....                  (no boots)
Stlth    +.........             (no amulet)
HPRegen  0.16/turn              (no ring)
MPRegen  0.11/turn              (no ring)

@: agile, lethally poisoned (0 -> -5)
A: permanent stasis, dig shafts and tunnels, four strong arms, antennae 3
a: Dig, Shaft Self, Depart the Abyss, Bend Space, Renounce Religion


You were on level 4 of the Dungeon.
You worshipped Lugonu.
Lugonu was pleased with you.
You were not hungry.

You visited 1 branch of the dungeon, and saw 4 of its levels.
You visited the Abyss 1 time.

You collected 154 gold pieces.

Inventory:

Hand Weapons
 a - a +1 hand axe
 d - a +0 broad axe (weapon)
Missiles
 h - 211 stones (quivered)
 i - 38 arrows
 j - 13 poisoned darts
 w - 20 sling bullets
Armour
 b - a +0 leather armour
 o - a +0 scale mail (worn)
 q - a scarf of cloud immunity (worn)
Jewellery
 p - a +3 ring of strength {unknown}
Scrolls
 e - 3 scrolls of identify
 f - a scroll of amnesia {unknown}
 l - a scroll of enchant weapon
 m - a scroll of remove curse
Potions
 g - a potion of cancellation
 k - a potion of berserk rage {unknown}
 n - a potion of agility
 s - a potion of mutation {unknown}
 t - 2 potions of degeneration {unknown}
 u - a potion of brilliance {unknown}
 v - a potion of heal wounds {unknown}
Comestibles
 c - 6 rations
 r - 17 chunks of flesh


   Skills:
 + Level 4.1 Fighting
 + Level 2.9 Axes
 * Level 4.2 Armour
 + Level 2.1 Dodging
 + Level 3.4 Invocations


You had 5 spell levels left.
You didn't know any spells.
Your spell library was empty.

Dungeon Overview and Level Annotations

Branches:
Dungeon (4/15)
 Temple: D:4-7

Altars:


Innate Abilities, Weirdness & Mutations

You cannot be hasted, slowed, berserked, paralysed or teleported.
You can dig through walls and to a lower floor.
Your four strong arms can wield two-handed weapons with a shield.
You have a pair of large antennae on your head. (SInv)


Message History

You feel sick.
The adder bites you but does no damage. x2
It was a potion of agility.
You feel agile all of a sudden.
You feel sick. The adder misses you.
You barely miss the adder.
The adder is moderately wounded.
The adder bites you.
* * * LOW HITPOINT WARNING * * *
The adder misses you.
You closely miss the adder.
The adder is moderately wounded.
You feel sick. The adder bites you.
* * * LOW HITPOINT WARNING * * *
You are lethally poisoned!
The adder poisons you! The adder misses you.
You hit the adder but do no damage.
The adder is moderately wounded.
* * * LOW HITPOINT WARNING * * *
You feel sick. The adder bites you.
You die...

### #.. #.#
###. #.# ...
#.# ##..# #S#
#... #@# #..#
#.# #..#
#.###.)#
#......#
#####..#
#.....# #.##..#
#.##..#
#.##..######...


You could see an adder.

Vanquished Creatures
  An ogre (D:3)
  2 adders
  3 gnolls (D:2)
  An ooze (D:2)
  2 worms (D:2)
  2 dart slugs
  2 leopard geckos (D:3)
  2 orcs (D:3)
  4 giant cockroaches
  12 goblins
  7 hobgoblins
  2 jackals (D:2)
  6 kobolds
  7 bats
  4 frilled lizards
  7 rats
64 creatures vanquished.

Notes
Turn   | Place    | Note
-------+----------+-------------------------------------------
     0 | Abyss:1  | Descartes the Formicid Abyssal Knight began the quest for
                  | the Orb.
     0 | Abyss:1  | Reached XP level 1. HP: 18/18 MP: 2/2
     5 | D:1      | Escaped the Abyss
    71 | D:1      | Reached skill level 1 in Dodging
   117 | D:1      | Reached XP level 2. HP: 24/24 MP: 3/3
   660 | D:2      | Reached XP level 3. HP: 25/29 MP: 4/4
  1143 | D:2      | HP: 1/30 [gnoll/+0 flail (1)]
  1144 | D:2      | You fall into a shaft and drop 1 floor!
  1325 | D:3      | Reached XP level 4. HP: 12/37 MP: 6/6
  1505 | D:3      | Upgraded the game from 0.24.0-124-g2791043dd8 to
                  | 0.24.0-125-gc4c63601f3
  1751 | D:3      | Noticed an ogre
  1967 | D:2      | Reached ** piety under Lugonu
  2317 | D:2      | Reached XP level 5. HP: 7/42 MP: 7/7
  3474 | D:3      | Killed an ogre
  3474 | D:3      | Reached XP level 6. HP: 41/48 MP: 8/8
  3587 | D:4      | Slain by an adder

Levels and vault maps discovered:
D:1:      wander_arrival_lonely_grave, layout_loops_ring
D:2:      layout_basic
D:3:      layout_basic, minmay_ogre_servants
D:4:      layout_loops_ring, lemuel_doored_altar, minmay_temple_entry_slanted,
          first_ration

Skill      XL: |  1  2  3  4  5 |
---------------+----------------+-----
Dodging        | 1 2 |  2.1
Armour         | 3 4 |  4.2
Invocations    | 3 |  3.4
Fighting       | 4 |  4.1
Axes           | |  2.9

Action                   |  1- 3 |  4- 6 || total
-------------------------+-------+-------++-------
Melee: Hand axe          |    84 |    16 ||   100
       Broad axe         |       |   129 ||   129
       War axe           |       |    20 ||    20
  Use: Scroll            |       |     5 ||     5
       Potion            |       |     1 ||     1
  Eat: Ration            |       |     2 ||     2
       Chunk             |       |     2 ||     2
Armor: Leather armour    |    17 |       ||    17
       Scale mail        |    24 |    93 ||   117
Dodge: Dodged            |    37 |    96 ||   133
